Match 42495504
Unlisted

Match 42495504
End
Panzergrenadier Squad
Selects Panzerjäger Kommand Battlegroup
250 Light Carrier
250 Light Carrier
Construct Light Support Kompanie
Construct Light Support Kompanie
Combat Half-tracks
Construct Mechanized Kompanie
Vehicle Survival Package
Selects Tank Busters
Panzerjäger Mechanized Group
Tungsten Core Ammunition
Construct Panzerarmee Kommand
Emergency Repair Kits
Rapid Advance
Selects Mine Fields
Selects Crew Shock Tactics
Armored Reserves
Selects Defensive Positions
Panzer IV Assault Group
Veteran Squad Leaders
2.5-tonne Medical Truck
Panzergrenadier Squad
Tiger Heavy Tank
Selects Anti-tank Overwatch
Selects Butterfly Bomb Drop
Anti-tank Overwatch
Assault Grenadier Squad
Assault Grenadier Squad
Panzer IV Assault Group
Panzerpioneer Squad
Walking Stuka Rocket Launcher
Panzer IV Assault Group
Anti-tank Overwatch
Panzer IV Assault Group
Anti-tank Overwatch
Panzerjäger Squad
Tiger Heavy Tank
Anti-tank Overwatch
Lost
Voodoo408
Гурам Депардье
SvartalRuneMaster
Scorps
Derek Doon
FreeWilly
Electrobolt
0
0

Comments sign in to comment!

No comments posted yet!